[Event "7th Sharjah Masters 2024"]
[Site "Sharjah"]
[Date "2024.05.18"]
[Round "5.1"]
[White "Aravindh, Chithambaram VR."]
[Black "Salem, A.R. Saleh"]
[Result "1-0"]
[ECO "E62"]
[WhiteElo "2671"]
[BlackElo "2629"]
[Annotator "TA"]
[PlyCount "95"]
[EventDate "2024.05.13"]
[EventType "swiss"]
[EventCountry "UAE"]
[SourceTitle "playchess.com"]
[Source "ChessBase"]
[SourceQuality "1"]
[TimeControl "5400+30"]

1. d4 Nf6 2. Nf3 g6 3. g3 Bg7 4. Bg2 O-O 5. O-O d6 6. c4 Nc6 7. Nc3 e5 8. d5 Nb8 {[%emt 0:00:06] outshines the older 8...Ne7.} 9. c5 {[%emt 0:00:40] E62: King's Indian: Fianchetto: 6...c6 and Panno Variation (6...Nc6) without ...a6.} Na6 10. cxd6 cxd6 11. Nd2 Ne8 12. Nc4 f5 13. a4 $146 ({Predecessor:} 13. Bd2 h5 14. h4 f4 15. Ne4 Bh6 16. e3 fxg3 17. fxg3 Bf5 18. Nf2 Rc8 19. Qe2 {½-½ Wadle,M (2071)-Zovko,M (2084) W-ch WS/H/807 email 2020}) 13... g5 14. Be3 Nac7 15. Qb3 Rf7 16. Nb5 b6 $1 17. Bxg5 Qxg5 18. Nbxd6 Nxd6 19. Nxd6 Qf6 20. Nxf7 Qxf7 21. a5 Rb8 (21... bxa5 $1 $11 {remains equal.} 22. Rxa5 e4) 22. Rfc1 e4 23. axb6 axb6 24. Qc2 Be5 $1 25. Ra7 Bb7 26. e3 Nb5 27. Ra4 Bxd5 28. Bf1 Nd6 29. Qd2 Kh8 $2 {[%emt 0:05:59] [#]} (29... Be6 $11) 30. Rd4 $1 $18 Bxd4 31. Qxd4+ Kg8 32. Rd1 Rd8 33. Qxd5 Qxd5 34. Rxd5 Kf7 {[%emt 0:00:06] [#]} 35. Bc4 $1 Ke7 36. Bb3 b5 37. Kg2 Rb8 38. Re5+ Kf8 39. Rd5 $2 (39. h3 $18) 39... Rb6 $2 (39... Ke7 $11 {and Black has nothing to worry.} 40. Re5+ Kf8) 40. Re5 Rb8 $1 41. h3 Rc8 42. Re6 Rd8 43. g4 fxg4 44. hxg4 Rd7 45. Bd5 b4 46. Bc6 (46. Bxe4 Nc4 47. b3 Nd2 $18) 46... Rd8 47. Bxe4 b3 48. Bd5 ({Resist} 48. Bxh7 Nc4 49. Kg3 Kg7 50. Re7+ Kf8) 1-0

[Event "7th Sharjah Masters 2024"]
[Site "Sharjah"]
[Date "2024.05.18"]
[Round "5.2"]
[White "Niemann, Hans Moke"]
[Black "Sarana, Alexey"]
[Result "1/2-1/2"]
[ECO "E11"]
[WhiteElo "2689"]
[BlackElo "2706"]
[Annotator "TA"]
[PlyCount "32"]
[EventDate "2024.05.13"]
[EventType "swiss"]
[EventCountry "UAE"]
[SourceTitle "playchess.com"]
[Source "ChessBase"]
[SourceQuality "1"]
[TimeControl "5400+30"]

1. d4 Nf6 2. c4 e6 3. Nf3 d5 4. g3 Bb4+ 5. Bd2 Be7 6. Bg2 O-O 7. O-O Nbd7 8. Qc2 c6 {[%emt 0:00:24] The position is equal.} 9. a4 a5 10. Rc1 h6 11. Bc3 b6 12. Ne5 Bb7 13. Nxd7 Qxd7 14. Nd2 b5 15. axb5 cxb5 16. cxb5 ({But not} 16. Rxa5 b4 (16... bxc4 17. Rca1 $11) (16... dxc4 17. Bxb7 Qxb7 18. Rxa8 $17) 17. Rxa8 Rxa8 $19) 16... Qxb5 {[%emt 0:00:39] An uneventful encounter.   Weighted Error Value: White=0.02 (flawless) /Black=0.00 (flawless) .  OK:         	White=2     	Black=4} 1/2-1/2

[Event "7th Sharjah Masters 2024"]
[Site "Sharjah"]
[Date "2024.05.18"]
[Round "5.3"]
[White "Erigaisi Arjun"]
[Black "Murzin, Volodar"]
[Result "1/2-1/2"]
[ECO "D37"]
[WhiteElo "2762"]
[BlackElo "2634"]
[Annotator "TA"]
[PlyCount "88"]
[EventDate "2024.05.13"]
[EventType "swiss"]
[EventCountry "UAE"]
[SourceTitle "playchess.com"]
[Source "ChessBase"]
[SourceQuality "1"]
[TimeControl "5400+30"]

1. d4 d5 2. c4 e6 3. Nf3 Nf6 4. Nc3 Be7 5. cxd5 exd5 6. Bf4 O-O 7. e3 c5 8. dxc5 Bxc5 9. Be2 Nc6 10. O-O a6 11. Rc1 Be6 12. Ne5 d4 {[%emt 0:00:30] [#] White must now prevent ...Nxe5.} 13. Na4 {[%emt 0:00:30] White has an edge.} Ba7 {[%emt 0:00:30] aiming for ...dxe3.} 14. Nxc6 bxc6 15. exd4 Qxd4 16. Qxd4 Bxd4 17. b3 Bd5 (17... Nd5 $14 18. Bd2 Bd7) 18. Rfd1 $16 Ba7 19. Kf1 {[%emt 0:00:30][%cal Of4e5] White is more active.} (19. Bxa6 $6 Ne4 20. Bg3 Nxg3 21. hxg3 Bxf2+ 22. Kxf2 Rxa6 $11) 19... a5 20. Bc4 (20. Nc3 $16) 20... Rfe8 21. h3 (21. Bxd5 {simplifies} Nxd5 22. Bd2 Re6 23. Re1) 21... Re6 22. Bc7 Rae8 (22... Bxc4+ $14 23. Rxc4 Nd5) 23. Rc2 Ne4 24. Bxd5 (24. Bxa5 $2 Nxf2 25. Rxd5 (25. Rxf2 $2 Bxc4+ 26. bxc4 Bxf2 $19) 25... cxd5 26. Bxd5 Nd1 27. Bxe6 Ne3+ 28. Ke2 Nxc2 $19) (24. Bd3 $16) 24... cxd5 $14 25. Bxa5 (25. Rxd5 $2 Nd2+ 26. Kg1 Re1+ 27. Kh2 Nf1+ 28. Kh1 Ne3+ 29. Kh2 Nxd5 $19 (29... Nxc2 $2 30. Bb6 $19)) ({White should play} 25. f3 $1 $14 Nd6 26. Bxd6 (26. Bxa5 $2 Nf5 $19) 26... Rxd6 27. Rcc1) 25... Ng3+ $1 $11 26. Kg1 $1 Ne2+ 27. Kh1 Bxf2 28. Bc7 ({Much weaker is} 28. Rxd5 Ng3+ 29. Kh2 Nf1+ 30. Kh1 Ne3 31. Rxf2 Nxd5 $19) 28... h5 29. g4 (29. Rxd5 $2 {too greedy.} Ng3+ 30. Kh2 (30. Bxg3 {gets mated.} Bxg3) 30... Nf1+ 31. Kh1 Re1 32. Rxf2 h4 $19 (32... Ne3+ $2 33. Kh2 $19)) (29. Nb2 $11) 29... h4 ({Black should try} 29... hxg4 $17 {Hoping for ...Rh6.} 30. hxg4 d4) 30. Kg2 $15 Bg3 31. Bxg3 hxg3 32. Nc3 $1 Nxc3 33. Rxc3 $11 {[%emt 0:00:30][%mdl 4096] Endgame. KRR-KRR} Re2+ 34. Kxg3 {[%emt 0:00:30] White wants to play a4.} Rxa2 35. Rdd3 d4 36. Rxd4 Rb8 37. Rd5 Kh7 38. Rf3 Rb2 39. Rdd3 Rb4 40. Kh4 f6 {[%emt 0:00:30] The position is equal.} 41. Kg3 Kg6 42. Rc3 Kh7 43. Rfe3 Kg6 44. Red3 Kh6 {[%emt 0:00:30] Weighted Error Value: White=0.20 (precise) /Black=0.15 (very precise) .  Mistake:       	White=4     	Black=3      Inaccurate:     	White=4     	Black=6      OK:         	White=5     	Black=12     Best:        	White=3     	Black=2      Strong:       	White=2     	Black=1} 1/2-1/2

[Event "7th Sharjah Masters 2024"]
[Site "Sharjah"]
[Date "2024.05.18"]
[Round "5.4"]
[White "Puranik, Abhimanyu"]
[Black "Tabatabaei, M. Amin"]
[Result "0-1"]
[ECO "C54"]
[WhiteElo "2631"]
[BlackElo "2707"]
[Annotator "TA"]
[PlyCount "184"]
[EventDate "2024.05.13"]
[EventType "swiss"]
[EventCountry "UAE"]
[SourceTitle "playchess.com"]
[Source "ChessBase"]
[SourceQuality "1"]
[TimeControl "5400+30"]

1. e4 e5 2. Nf3 Nc6 3. Bc4 Nf6 4. d3 Bc5 5. O-O d6 6. c3 a5 7. Nbd2 O-O 8. h3 Ba7 {[%emt 0:03:51] The position is equal.} 9. Re1 Be6 10. Bb5 Ne7 11. Nf1 Ng6 12. Ng3 c6 13. Ba4 d5 14. exd5 Nxd5 15. Bc2 Qc7 16. d4 exd4 $1 17. Nxd4 Rae8 18. Re4 Nf6 19. Re1 Bd5 20. Rxe8 Rxe8 21. Bg5 Qe5 22. Qd2 h6 23. Be3 Bb8 $40 {[%emt 0:27:46][%mdl 128] Black attacks.} 24. Ndf5 {[%emt 0:01:30][%cal Of5g7] Prevents Nh4} Nf4 25. Bd4 (25. Bb3 $5) 25... Qe6 26. f3 h5 {[%emt 0:00:28] aiming for ...g6.} (26... Bxa2 $6 27. Bxf6 gxf6 28. Be4 $16 (28. Nxh6+ Kh8 $16)) 27. Bf2 $1 g6 (27... Bxa2 $5 28. h4 Bc7 $15) 28. Re1 Qd7 29. Bd4 (29. Rxe8+ $11 Nxe8 30. Ne3) 29... Nh7 (29... Bxa2 30. Bxf6 Rxe1+ (30... Qxd2 31. Rxe8+ Kh7 32. Rh8#) (30... Nxh3+ 31. Kh2 Bxg3+ 32. Nxg3 Re6 33. Qxd7 Rxf6 34. Qd8+ Kg7 35. Re8) 31. Qxe1 $16) (29... Re6 $1 $17 30. Ne2 Bxa2 (30... gxf5 31. Nxf4 Bxf4 32. Qxf4 $11) 31. Nxf4 Bxf4 32. Qxf4 Rxe1+ 33. Kf2 Re6) 30. Nh6+ (30. Rxe8+ $11 Qxe8 31. Be3) 30... Kf8 $17 31. Ne4 {[%emt 0:01:15][%cal Oc3c4] c4! would now be deadly.} f5 (31... Bxa2 $2 32. Bc5+ $18) (31... Qd8 $17 32. Kh1 b5 (32... Bxa2 33. b3 $15)) 32. Nc5 (32. Be3 {keeps more tension.} fxe4 33. fxe4 Kg7 34. Bxf4 Bxf4 35. Qxf4 Qe7 36. Re3) 32... Rxe1+ 33. Qxe1 Qe7 34. Qxe7+ Kxe7 35. Kf2 {[%emt 0:00:05] Prevents Ne2} b6 (35... Bxa2 36. Nxb7 Bc7 37. Bc5+ Kf6 38. Bd4+ Ke7 39. Bc5+ Ke8 40. h4 $11) 36. Na6 Ba7 37. Nc7 (37. b3 $11 {keeps the balance.}) 37... Bxa2 38. Be3 Ne6 39. Nxe6 Bxe6 (39... Kxe6 40. g4 Kf6 41. gxh5 $16 (41. gxf5 g5 $16)) 40. g4 Kf6 $1 41. Kg3 c5 {[%emt 0:05:19] Inhibits Bd4+.} 42. Kh4 hxg4 43. hxg4 Bb8 44. gxf5 gxf5 45. b4 Bd6 46. bxa5 bxa5 47. c4 Bd7 (47... Bxc4 48. Nxf5 Bf8 49. Bd2 $11) 48. Bc1 a4 49. f4 Nf8 $1 {[%emt 0:02:59][%cal Oa4a3] ...a3! is the strong threat.} (49... Kg6 50. Ng4 $17) 50. Kg3 Ne6 (50... Kg6 $17 51. Ng4 Ne6 52. Ne5+ Bxe5 53. fxe5 Nd4) 51. Nxf5 {[%emt 0:01:28][%mdl 8192] [#]} (51. Bxf5 $11 {and White is okay.} Be8 52. Bb2+ Nd4 53. Be4) 51... Bxf4+ $1 $19 52. Bxf4 Nxf4 $11 {[%emt 0:01:29][%mdl 4096] Endgame. KBN-KBN} 53. Nd6 Ke5 54. Nf7+ Kd4 55. Kxf4 {[%emt 0:00:27][%cal Oc2a4] [#]} a3 (55... Kxc4 56. Ne5+ Kc3 57. Bxa4 Bxa4 58. Ke4 $11) 56. Bb1 {[%emt 0:00:07] [#]} Kc3 $1 {[%emt 0:00:33][%cal Oc3b2] Strongly threatening ...Kb2!} (56... Kxc4 57. Nd6+ (57. Ne5+ Kb3 $17) 57... Kd5 58. Nf7 $11) (56... Be6 57. Nd6 $11) 57. Nd6 Kb2 58. Nb5 Bxb5 $1 (58... Kxb1 59. Nxa3+ Kb2 60. Nb5 $11) 59. cxb5 Kxb1 $19 {[%emt 0:00:02] KPP-KP} 60. b6 a2 61. b7 a1=Q (61... a1=B 62. b8=Q+ (62. b8=B $2 c4 $19) 62... Kc2 63. Qb5 Bd4 64. Qc4+ Kd2 65. Ke4 (65. Qa2+ Kd3 66. Qb1+ Kc4 67. Ke4 Bg7 68. Qd3+ Kb4 69. Kd5 Bf6 70. Qc4+ Ka3) 65... Bf6 66. Qxc5) 62. b8=Q+ {[%emt 0:00:06] KQ-KQ} Kc2 63. Kg3 c4 64. Qb7 Qc3+ 65. Kh4 Qd4+ 66. Kh3 Qe3+ 67. Kh4 Qh6+ 68. Kg4 Qg6+ 69. Kh4 c3 70. Qb4 Qh7+ 71. Kg4 Qg8+ 72. Kh4 Qd5 {[%emt 0:00:18] Hoping for ...Kd3.} 73. Qa4+ Kc1 74. Qf4+ Qd2 75. Qe5 Qd3 76. Qf4+ Qd2 77. Qe5 $1 Qh6+ 78. Kg3 Qg6+ 79. Kh4 Qh7+ 80. Kg4 Qd3 {[%emt 0:00:11] ( -> ...c2)} (80... Qg6+ 81. Kf3 Qf7+ 82. Kg3 $19) 81. Qf4+ Kd1 82. Kh4 c2 83. Qg4+ Kc1 84. Qb4 Qh7+ (84... Qe3 $142 85. Kg4 Kd1 86. Qa4 Kd2 87. Qb4+ Ke2 88. Qc4+ Qd3 89. Qc6 Kd2 90. Qh6+ Qe3 (90... Kc3 {is a self mate.} 91. Kh4 Qd4+ 92. Kh3 Kb2 93. Qh5 c1=Q 94. Qb5+ Kc2 95. Qc6+ Qc3+ 96. Qxc3+ Kxc3 97. Kg4 Kd4 98. Kf5 Qh6 99. Kg4 Ke4 100. Kg3 Qh1 101. Kg4 Qg2+ 102. Kh5 Kf5 103. Kh6 Qg6#) 91. Qd6+ Ke1 92. Qb4+ Kf1 (92... Qd2 {gets mated.} 93. Qc5 c1=Q 94. Qg1+ Ke2 95. Qg2+ Kd1 96. Qh1+ Kc2 97. Qh7+ Kb3 98. Qb7+ Qb4+ 99. Qxb4+ Kxb4 100. Kf5 Kc4 101. Kg4 Qe3 102. Kf5 Kd5 103. Kf6 Qf3+ 104. Kg5 Ke6 105. Kh4 Qg2 106. Kh5 Kf5 107. Kh6 Qg6#) 93. Qf8+ Ke2 94. Qa8 Qe6+ (94... c1=B 95. Qg2+ Kd3 96. Qf3 $11) 95. Kh5 Qf7+ (95... c1=B 96. Qg2+ Ke1 97. Qe4+ Qxe4 $11) 96. Kh4 Qh7+ (96... c1=B 97. Qg2+ Ke1 98. Qg3+ Kf1 99. Qf3+ Qxf3 $11) (96... Qf4+ 97. Kh5 Qf5+ 98. Kh4 Qh7+ 99. Kg3 Qg6+ 100. Kh2 c1=Q 101. Qa2+ Kf1 102. Qf7+ Qxf7 103. Kh3 Qh6+ 104. Kg4 Qff4#) 97. Kg3 Qg7+ (97... c1=B 98. Qf3+ Kd2 99. Qf2+ Kd3 100. Qf1+ Kc2 101. Qc4+ Kb1 102. Qb3+ Bb2 103. Qd1+ Bc1 104. Qb3+ Bb2 105. Qd1+ Ka2 106. Qd5+ Ka3 107. Qa5+ Kb3 108. Qb5+ Kc2 109. Qe2+ Kb3 110. Qb5+ Ka2 111. Qd5+ Kb1 112. Qd1+ $11) 98. Kh4 c1=Q (98... c1=B 99. Qe4+ Be3 100. Qg4+ Qxg4+ 101. Kxg4 $11) 99. Qe4+ Qe3 100. Qc2+ Kf1 101. Qc4+ Ke1 102. Qb4+ Kf2 103. Qb2+ Qxb2 104. Kh5 Qg3 105. Kh6 Qh8#) 85. Kg4 Qd7+ {[%emt 0:00:06] Black mates.} 86. Kg3 Kd1 87. Qb3 Qg7+ 88. Kh3 Qh7+ 89. Kg3 Qe4 90. Kh3 Kd2 91. Qa2 Qe5 92. Kh4 Qb5 {[%emt 0:00:13] Weighted Error Value: White=0.51/Black=0.18 (very precise) .  Loses game:     	White=1     	---        Mistake:       	White=3     	Black=3      Inaccurate:     	White=4     	Black=1      OK:         	White=12    	Black=17     Best:        	White=5     	Black=3      Strong:       	White=1     	Black=4      Brilliant:      	---       	Black=1} 0-1

[Event "7th Sharjah Masters 2024"]
[Site "Sharjah"]
[Date "2024.05.18"]
[Round "5.5"]
[White "Fedoseev, Vladimir"]
[Black "Yuffa, Daniil"]
[Result "1/2-1/2"]
[ECO "B87"]
[WhiteElo "2702"]
[BlackElo "2617"]
[Annotator "TA"]
[PlyCount "34"]
[EventDate "2024.05.13"]
[EventType "swiss"]
[EventCountry "UAE"]
[SourceTitle "playchess.com"]
[Source "ChessBase"]
[SourceQuality "1"]
[TimeControl "5400+30"]

1. e4 c5 2. Nf3 d6 3. d4 cxd4 4. Nxd4 Nf6 5. Nc3 a6 6. Bc4 e6 7. O-O b5 8. Bb3 Be7 9. Qf3 Qb6 10. Be3 Qb7 11. Qg3 b4 12. Na4 (12. Qxg7 $2 {perishes.} Rg8 13. Qh6 (13. Ba4+ $2 Bd7 $19) 13... bxc3 $19) 12... Nbd7 13. c3 O-O {[%emt 0:02:20] The position is equal.} 14. Bh6 Nh5 15. Qf3 Nhf6 16. Qg3 Nh5 17. Qf3 Nhf6 {[%emt 0:00:11] A rather calm draw.   Weighted Error Value: White=0.04 (flawless) /Black=0.00 (flawless) .  Inaccurate:     	White=1     	---        OK:         	White=3     	Black=3      Best:        	---       	Black=2} 1/2-1/2

[Event "7th Sharjah Masters 2024"]
[Site "Sharjah"]
[Date "2024.05.18"]
[Round "5.6"]
[White "Sindarov, Javokhir"]
[Black "Daneshvar, Bardiya"]
[Result "0-1"]
[ECO "C54"]
[WhiteElo "2684"]
[BlackElo "2582"]
[Annotator "TA"]
[PlyCount "58"]
[EventDate "2024.05.13"]
[EventType "swiss"]
[EventCountry "UAE"]
[SourceTitle "playchess.com"]
[Source "ChessBase"]
[SourceQuality "1"]
[TimeControl "5400+30"]

1. e4 e5 2. Nf3 Nc6 3. Bc4 Bc5 4. O-O Nf6 5. d3 d6 6. c3 a6 7. a4 h6 8. Nbd2 O-O 9. Re1 Re8 10. Nf1 {[%emt 0:00:30] White is slightly better.} Ba7 11. Qb3 (11. Be3 {simplifies} Bxe3 12. Nxe3 Be6 13. Bxe6 Rxe6 14. b4) 11... Rf8 12. a5 Bg4 13. Qxb7 Qd7 {[%emt 0:00:30] [#] White must now prevent ...Rfb8.} 14. Qb3 (14. Qxa6 $2 Rfb8 15. Bb5 Bxf2+ 16. Kxf2 Rxa6 17. Bxa6 Bxf3 18. gxf3 Ne7 $19) (14. Bxa6 $2 Rab8 15. Ng3 Rxb7 16. Bxb7 Nd8 $19) 14... Bxf3 15. gxf3 Ne7 {[%emt 0:00:30] aiming for ...Ng6.} 16. Ng3 (16. Bxa6 Ng6 17. Nd2 (17. Bb7 Qh3) 17... Nh4 $17) 16... d5 17. Bxa6 (17. Bxd5 $11 Nfxd5 18. exd5) 17... Rfb8 (17... Rab8 $1 $15 18. Qa4 Qd6) 18. Qa4 $1 $11 {[%emt 0:00:30] Qxd7 would now be deadly.} Qd6 $36 {[%emt 0:00:30][%mdl 2048] Black has some pressure.} 19. Bb5 {[%emt 0:00:30] [#]} (19. d4 $1 $11 Qxa6 20. dxe5) 19... Qc5 $1 $17 20. d4 Qxb5 21. exd5 (21. Qxb5 $17 {was worth a try.} Rxb5 22. exd5 Rxd5 (22... Nfxd5 23. c4 $11) 23. Rxe5) 21... Qxd5 $19 ({Worse is} 21... Nfxd5 22. Qxb5 Rxb5 23. c4 $11) 22. Rxe5 Qd8 (22... Qxf3 23. Rxe7 c5 24. Qc4 $11) 23. Re2 Rc8 24. Ne4 Nxe4 25. fxe4 (25. Rxe4 $142 c6 26. a6) 25... c5 26. d5 Ng6 {[%emt 0:00:30] Strongly threatening ...Qh4.} 27. Kh1 Qh4 28. Qd7 {[%emt 0:00:30] Wards off Qh3} (28. Qd1) 28... Qh5 29. Re3 {[%emt 0:00:30] Dodges Qf3+} Rd8 {[%emt 0:00:30] Weighted Error Value: White=0.64/Black=0.12 (very precise) .  Mistake:       	White=5     	Black=1      Inaccurate:     	White=1     	---        OK:         	White=2     	Black=8      Best:        	White=2     	Black=1      Strong:       	White=1     	Black=1} 0-1

[Event "7th Sharjah Masters 2024"]
[Site "Sharjah"]
[Date "2024.05.18"]
[Round "5.7"]
[White "Muradli, Mahammad"]
[Black "Shankland, Sam"]
[Result "0-1"]
[ECO "E94"]
[WhiteElo "2561"]
[BlackElo "2671"]
[Annotator "TA"]
[PlyCount "118"]
[EventDate "2024.05.13"]
[EventType "swiss"]
[EventCountry "UAE"]
[SourceTitle "playchess.com"]
[Source "ChessBase"]
[SourceQuality "1"]
[TimeControl "5400+30"]

1. d4 Nf6 2. c4 g6 3. Nc3 Bg7 4. e4 d6 5. Nf3 O-O 6. Be2 e5 7. O-O Na6 {[%emt 0:00:30] seems to push 7...Nc6 aside.} 8. Re1 Bg4 9. Be3 {[%emt 0:00:30] E94: King's Indian: Classical: 6 Be2 e5 7 0-0: Various Black 7th moves.} exd4 10. Nxd4 Bxe2 11. Qxe2 Re8 12. f3 c6 13. Rad1 Nd7 14. Rd2 Qe7 15. Qd1 $146 ({Predecessor:} 15. Red1 Nb6 16. b3 Nc5 17. Qf2 f5 18. Nde2 Rad8 19. Qg3 Be5 20. Bg5 {1-0 Piantedosi,F (2038)-Johansen,A (1903) W-ch WS/H/115 email 2008}) 15... Rad8 16. Nde2 Ne5 17. b3 Nc5 18. Qc2 a6 19. Bf2 b5 20. cxb5 axb5 21. a4 bxa4 22. Nxa4 Na6 23. h3 d5 (23... Nb4 $5 24. Qd1 $8 d5 $15) 24. exd5 (24. f4 $11 Nb4 25. Qd1) 24... Nb4 $17 (24... cxd5 $6 25. Qd1 $11) (24... Rxd5 25. Rxd5 cxd5 26. Qd2 $11) 25. Qd1 Nxd5 ({Much less strong is} 25... Rxd5 26. Rxd5 cxd5 (26... Nxd5 27. f4 $14) 27. Nf4 $15) (25... cxd5 $6 26. f4 Nec6 27. Nec3 $11) 26. Kh1 Bh6 27. Bc5 $2 {[%emt 0:00:30] [#]} (27. f4 $17) 27... Qf6 $1 $19 28. f4 $2 (28. Rf1 Bxd2 29. Qxd2) 28... Nxf4 $2 (28... Nf3 $19 {is more deadly.} 29. Bb6 (29. gxf3 $2 {perishes.} Qh4 $19) 29... Nxb6 (29... Nxd2 $2 30. Bxd8 Qxd8 31. Qxd2 $19) 30. Rxd8 Rxd8) 29. Nxf4 $17 Bxf4 30. Rxd8 Rxd8 31. Qe2 Rd2 32. Qf1 Qg5 33. Re4 {[%emt 0:00:30] [#]} Bg3 $1 34. Rd4 $2 (34. Nc3 $17 Rc2 35. Re3) 34... h5 $2 (34... Nd3 $19 {and Black stays clearly on top. ( -> ...Nf2+)} 35. Rd7 Nf2+ (35... Nxc5 36. Qxf7+ Kh8 37. Qxh7#) 36. Bxf2 Rxd7) 35. Nc3 Rxd4 36. Bxd4 Qd2 37. Qd1 Qxd1+ 38. Nxd1 Nd3 39. Nc3 f5 40. Kg1 (40. Ne2 $142 Bd6 41. g3) 40... Kf7 41. Kf1 Ke6 42. Be3 h4 43. Ke2 Ne1 44. Kf1 Nc2 45. Ke2 Be5 46. Nb1 Nxe3 47. Kxe3 g5 48. Kd3 g4 49. Nd2 (49. Ke2 $142 Bd4 50. Na3) 49... Kd5 $19 50. Nc4 Bd4 51. Nd2 Ba7 52. Nc4 Bc5 53. Nd2 Ke5 54. Ke2 Kf4 55. hxg4 fxg4 56. Kf1 h3 57. gxh3 gxh3 58. b4 Be3 59. Nc4 Kf3 0-1

[Event "7th Sharjah Masters 2024"]
[Site "Sharjah"]
[Date "2024.05.18"]
[Round "5.8"]
[White "Sankalp Gupta"]
[Black "Sevian, Samuel"]
[Result "1/2-1/2"]
[ECO "D02"]
[WhiteElo "2532"]
[BlackElo "2699"]
[Annotator "TA"]
[PlyCount "59"]
[EventDate "2024.05.13"]
[EventType "swiss"]
[EventCountry "UAE"]
[SourceTitle "playchess.com"]
[Source "ChessBase"]
[SourceQuality "1"]
[TimeControl "5400+30"]

1. Nf3 d5 2. g3 Nd7 3. d4 e6 4. Bg2 Ngf6 5. O-O b5 6. a4 b4 {[%emt 0:00:30] [#]} 7. c4 $1 bxc3 8. bxc3 Ba6 9. Na3 {[%emt 0:00:30][%cal Oc3c4] The position is equal.} Ne4 {[%emt 0:00:30] [#]} 10. c4 c6 (10... Bxa3 11. Bxa3) 11. Qc2 Rc8 12. c5 Be7 13. Ne1 e5 14. Bxe4 dxe4 15. dxe5 (15. Qxe4 $2 {loses.} exd4 16. Nec2 d3 (16... Nxc5 17. Qxd4 O-O 18. Bb2 $17) 17. exd3 Nxc5 $19) 15... Nxc5 16. Ng2 Qd4 {[%emt 0:00:30] Dodges Ne3} 17. Be3 Qxe5 18. Nc4 Qe6 19. Rac1 O-O 20. Nd2 {[%emt 0:00:30] A dynamic duo of knights.} Nd7 21. Nxe4 Rfe8 22. Rfd1 Nf6 23. Nxf6+ Bxf6 24. Nf4 Qe7 25. Bc5 Qc7 26. e3 h6 27. Nh5 {[%emt 0:00:30] aiming for Nxf6+.} Qe5 28. Nf4 Qc7 29. Nh5 (29. Bd6 $11 Qa5 30. Bc5) 29... Qe5 $1 $16 30. Nf4 {[%emt 0:00:30] Weighted Error Value: White=0.08 (flawless) /Black=0.08 (flawless) .  Mistake:       	White=2     	---        Inaccurate:     	White=2     	Black=4      OK:         	White=11    	Black=9      Best:        	White=1     	Black=1      Strong:       	---       	Black=1} (30. g4 $16) 1/2-1/2

[Event "7th Sharjah Masters 2024"]
[Site "Sharjah"]
[Date "2024.05.18"]
[Round "5.9"]
[White "Yu, Yangyi"]
[Black "Zemlyanskii, Ivan"]
[Result "1-0"]
[ECO "B51"]
[WhiteElo "2729"]
[BlackElo "2516"]
[Annotator "TA"]
[PlyCount "103"]
[EventDate "2024.05.13"]
[EventType "swiss"]
[EventCountry "UAE"]
[SourceTitle "playchess.com"]
[Source "ChessBase"]
[SourceQuality "1"]
[TimeControl "5400+30"]

1. e4 c5 2. Nf3 d6 3. Bb5+ Nd7 4. O-O a6 5. Be2 Ngf6 6. d3 {[%emt 0:00:30] B51: Sicilian: Moscow Variation (3 Bb5+) without 3...Bd7.} e6 7. a4 b6 8. Nfd2 $5 {[%emt 0:00:30][%mdl 4] is the new trend. Leaves trodden paths.} d5 $146 ({Predecessor:} 8... Be7 9. f4 O-O 10. Bf3 Bb7 11. Nc3 d5 12. g4 Nb8 13. g5 Ne8 14. exd5 exd5 {½-½ Nepomniachtchi,I (2771)-Carlsen,M (2839) AI Cup Div 1 W rapid 2023 (2.2)}) 9. f4 Bb7 10. Bf3 Qc7 11. e5 Ng8 12. c4 Ne7 13. Nc3 g6 14. a5 Bh6 15. Nb3 O-O 16. axb6 Nxb6 17. Na5 Rad8 18. Nxb7 Qxb7 19. Qb3 Rb8 20. Qa2 Rfd8 21. g3 Qc7 22. Bg2 (22. Qxa6 $2 Ra8 $19) 22... Nc6 23. b3 (23. Qxa6 $2 Ra8 $19) 23... Bg7 24. Ba3 Nd4 25. Rac1 dxc4 26. bxc4 Nd7 27. Bb2 f6 $1 28. exf6 Nxf6 29. Rce1 Qd7 30. Nd1 Rb6 31. Bc3 Rdb8 32. Kh1 h5 (32... Ng4 $11) 33. Nf2 $14 h4 (33... Ng4 $14) 34. gxh4 $16 Nf5 35. Be5 Rc8 36. Rb1 Rb4 37. Qxa6 Nh5 (37... Nxh4 $142 38. Bb7 Rd8 39. Rxb4 cxb4) 38. Ne4 Rxb1 (38... Bxe5 $142 39. fxe5 Re8 40. Rxb4 (40. Nxc5 Qd4 $18) 40... cxb4) 39. Rxb1 $18 Bxe5 40. fxe5 Rf8 41. Rf1 ({White should try} 41. Nxc5 $18 Qd4 42. Qxe6+ (42. Nxe6 Nhg3+ 43. hxg3 Nxg3+ 44. Kh2 Qxh4+ 45. Bh3 Rf2+ 46. Kg1 Ne2+ 47. Kh1 Qxh3#) 42... Kh8 43. Qxg6 Qxh4 44. Ne4) 41... Qxd3 (41... Kh8 $16 {was called for.}) 42. Qxe6+ $18 (42. Nxc5 Nfg3+ 43. hxg3 Rxf1+ 44. Bxf1 Qxf1+ 45. Kh2 Qf2+ 46. Kh3 Qxg3#) 42... Kg7 43. Qd5 (43. Nxc5 {gets mated.} Nfg3+ 44. hxg3 Rxf1+ 45. Bxf1 Qxf1+ 46. Kh2 Qf2+ 47. Kh3 Qxg3#) 43... Qe2 (43... Qd4 {was necessary.} 44. Qxd4 (44. Nxc5 {leads to mate.} Nhg3+ 45. hxg3 Nxg3+ 46. Kh2 Qxh4+ 47. Bh3 Nxf1+ 48. Kg1 Qf2+ 49. Kh1 Qh2#) (44. Qxc5 Nhg3+ 45. hxg3 Nxg3+ 46. Kh2 Nxf1+ 47. Kh1 Qxc5 $15) 44... cxd4) 44. Qxc5 $18 Re8 45. Nd6 Rxe5 46. Qa7+ Ne7 $2 (46... Re7 47. Nxf5+ gxf5) 47. Qd4 Qe3 (47... Nf6 $142 48. Ne4 Qxf1+ 49. Bxf1 Rxe4) 48. Qa1 $18 Nf6 49. c5 Qxc5 {[%emt 0:00:30] [#]} 50. Rxf6 $1 Qe3 51. Rf7+ Kh6 52. Rf1 1-0

[Event "7th Sharjah Masters 2024"]
[Site "Sharjah"]
[Date "2024.05.18"]
[Round "5.10"]
[White "Royal, Shreyas"]
[Black "Nihal Sarin"]
[Result "1/2-1/2"]
[ECO "A77"]
[WhiteElo "2464"]
[BlackElo "2680"]
[Annotator "RC"]
[PlyCount "98"]
[EventDate "2024.05.13"]
[EventType "swiss"]
[EventCountry "UAE"]
[SourceTitle "playchess.com"]
[Source "ChessBase"]
[SourceQuality "1"]
[TimeControl "5400+30"]

1. d4 Nf6 2. c4 c5 3. d5 e6 4. Nc3 exd5 5. cxd5 d6 6. Nf3 g6 7. Nd2 Bg7 8. e4 O-O 9. Be2 Re8 10. O-O a6 11. a4 Nbd7 12. h3 Rb8 13. Qc2 Ne5 14. f4 Ned7 15. a5 b5 16. axb6 Nxb6 17. Nb3 Nxe4 18. Nxe4 Nxd5 19. Bf3 Bf5 20. Qd2 Rxb3 21. Qxd5 Rxf3 22. Nf6+ Bxf6 23. Qxf3 Qb6 24. Kh2 c4 25. Qg3 d5 26. Re1 Rxe1 27. Qxe1 Be4 28. Qe2 h5 29. Ra2 Kg7 30. Be3 Qd6 31. Bd2 Qc6 32. g4 hxg4 33. hxg4 Kg8 34. Qf2 Qe6 35. g5 Bg7 36. Bc3 Bd3 37. Ra1 Qg4 38. Bxg7 Kxg7 39. Rxa6 Bf5 40. Ra3 Qh5+ 41. Kg2 Qd1 42. Re3 Qg4+ 43. Kh2 d4 44. Re8 Qh5+ 45. Kg1 Qd1+ 46. Kh2 c3 47. bxc3 dxc3 48. Qe3 Qc2+ 49. Kg3 Qd3 1/2-1/2